 Dungeon Crawl Stone Soup version 0.32-a0-928-g1cae6b7ea0 (webtiles) character file.

Game seed: 11336320966814408639

669 olddryhag the Ducker (level 7, 0/52 HPs)
             Began as a Coglin Wanderer on Apr 12, 2024.
             Was a Follower of Uskayaw.
             Shot with an arrow by a centaur (4 damage)
             ... on level 5 of the Dungeon.
             The game lasted 00:07:07 (4401 turns).

olddryhag the Ducker (Coglin Wanderer)              Turns: 4401, Time: 00:07:08

Health: 0/52       AC: 10    Str: 13    XL:     7   Next: 58%
Magic:  7/7        EV:  9    Int: 10    God:    Uskayaw [*.....]
Gold:   192        SH:  0    Dex: 16    Spells: 6/6 levels left

rFire   + + .        m - +0 long sword {Caihong}
rCold   x . .        e - +2 rapier (protect) {Urai}
rNeg    . . .        s - +0 fire dragon scales
rPois   .            (no helmet)
rElec   .            c - +0 cloak
rCorr   .            (no gloves)
SInv    .            (no boots)
Will    .....        (amulet unavailable) Stlth
                     (ring unavailable)
HPRegen 0.28/turn    (ring unavailable)
MPRegen 0.10/turn    (no gizmo)

%: no passive effects
@: lethally poisoned (0 -> -17)
A: off-hand wielding, slow wielding, warmup strikes, no jewellery
a: Invent Gizmo, Renounce Religion, Stomp


You were on level 5 of the Dungeon.
You worshipped Uskayaw.
Uskayaw was noncommittal.
You visited 2 branches of the dungeon, and saw 6 of its levels.

You collected 192 gold pieces.

Inventory:

Hand Weapons
 a - a +0 flail {Chang}
 b - a +0 short sword {Akal}
 e - a +2 rapier of protection (offhand) {Urai}
 f - a +0 dagger {Bianca}
 j - a +0 long sword {Akal}
 m - a +0 long sword (weapon) {Caihong}
 r - a +0 scimitar
Missiles
 p - 2 curare-tipped darts (quivered)
Armour
 c - a +0 cloak (worn)
 s - +0 fire dragon scales (worn)
Scrolls
 g - a scroll of enchant weapon {unknown}
 h - a scroll of immolation {unknown}
Potions
 d - a potion of cancellation
 i - 2 potions of might {unknown}
 k - a potion of curing
 l - a potion of enlightenment {unknown}
 n - a potion of heal wounds {unknown}
 o - 2 potions of ambrosia {unknown}


   Skills:
 + Level 3.0 Fighting
 - Level 1.0(2.6) Short Blades
 * Level 4.2(4.3) Long Blades
 + Level 3.4 Maces & Flails
 - Level 1.0 Throwing
 + Level 3.0 Armour
 + Level 4.7 Dodging
 - Level 1.3 Evocations


You had 6 spell levels left.
You didn't know any spells.
Your spell library contained the following spells:

 Spells                   Type           Power      Damage    Failure   Level
 Freeze                   Ice            0%         1d3       93%         1
 Shock                    Conj/Air       0%         1d3       93%         1
 Jinxbite                 Hex            0%         N/A       98%         2
 Static Discharge         Conj/Air       0%         3-3/arc   98%         2
 Frozen Ramparts          Ice            0%         1d1       100%        3
 Hailstorm                Conj/Ice       0%         3d5       100%        3
 Swiftness                Air            0%         N/A       100%        3
 Airstrike                Air            0%         2d(0-16)  100%        4
 Animate Dead             Necr           0%         N/A       100%        4
 Summon Lightning Spire   Summ/Air       0%         N/A       100%        4
 Borgnjor's Vile Clutch   Necr/Erth      0%         N/A       100%        5
 Summon Forest            Summ/Tloc      0%         N/A       100%        5
 Yara's Violent Unravell  Hex/Alch       0%         3d3       100%        5
 Death Channel            Necr           0%         N/A       100%        6
 Eringya's Noxious Bog    Alch           0%         4d6       100%        6
 Enfeeble                 Hex            0%         N/A       100%        7
 Haunt                    Necr/Summ      0%         N/A       100%        7
 Summon Hydra             Summ           0%         N/A       100%        7
 Borgnjor's Revivificati  Necr           0%         N/A       100%        8
 Death's Door             Necr           0%         N/A       100%        9


Dungeon Overview and Level Annotations

Branches:
Dungeon (5/15)             Temple (1/1) D:4

Altars:
Cheibriados
Dithmenos
Elyvilon
Fedhas
Gozag
Kikubaaqudgha
Nemelex Xobeh
Okawaru
Ru
Sif Muna
Trog
Uskayaw
Vehumet
Wu Jian
Xom
Yredelemnul
Zin
The Shining One

Shops:
D:5 =

Annotations:
D:2 1 runed translucent door, Crazy Yiuf
D:4 1 runed translucent door, EvilEddieB's ghost, amateur HuCj
D:5 Dowan; Duvessa; Grinder


Innate Abilities, Weirdness & Mutations

You can wield a second weapon in your off-hand.
It takes a long time for you to wield or remove held weapons.
Your first few attacks do less damage.
You cannot equip rings or amulets.


Message History

You are poisoned.
Grinder hits you but does no damage.
You feel sick. Grinder gestures at you. You resist with significant effort.
The centaur throws a poisoned dart.
The poisoned dart closely misses you.
You feel sick.
The centaur throws a poisoned dart.
The poisoned dart hits you!
You are more poisoned.
You feel very sick. Grinder closely misses you.
You feel sick.
The centaur shoots an arrow.
The arrow hits you.
* * * LOW HITPOINT WARNING * * *
The arrow freezes you.
* * * LOW HITPOINT WARNING * * *
Grinder attacks as she pursues you! Grinder hits you but does no damage.
The centaur shoots an arrow.
The arrow hits you.
* * * LOW HITPOINT WARNING * * *
The arrow freezes you.
* * * LOW HITPOINT WARNING * * *
* * * LOW HITPOINT WARNING * * *
You feel sick.
Grinder blinks!
You feel better. Grinder gestures at you. You resist with significant effort.
You feel better.
The centaur throws a poisoned dart.
The poisoned dart hits you!
You are poisoned.
The centaur throws a poisoned dart.
The poisoned dart hits you!
You are more poisoned.
Grinder blinks!
You feel very sick.
The centaur throws a poisoned dart.
The poisoned dart hits you!
You are lethally poisoned!
* * * LOW HITPOINT WARNING * * *
You feel very sick.
The centaur shoots an arrow.
The arrow hits you!
* * * LOW HITPOINT WARNING * * *
The arrow freezes you.
You die...
Your body falls in perfect tune with the rhythm.

#.........###........#
##......#####.......##
##....## ##........#
##.### ##.........# ###
##.........## ###
#..........# ##..
##..........# ##...
##...........####....
##..>@.........##.....
##..............#......
#.....................#
##........#...........#
#......###..c.......##
##....## #..........#
##.### #........### ###
#......c.#
#........####


You could see a centaur.

Vanquished Creatures
  Eustachio (D:4)
  Menkaure (D:4)
  An ice beast (D:5)
  A scorpion (D:4)
  2 hounds (D:5)
  Jessica (D:3)
  A sleepcap (D:5)
  2 iguanas
  Robin (D:4)
  2 adders (D:4)
  3 dart slugs
  3 orcs (D:4)
  5 ball pythons
  6 endoplasms
  A giant cockroach (D:1)
  15 goblins
  8 hobgoblins
  2 jackals (D:4)
  7 kobolds
  3 quokkas
  2 bats (D:1)
  4 frilled lizards
  5 rats
77 creatures vanquished.

Notes
Turn   | Place    | Note
-------+----------+-------------------------------------------
     0 | D:1      | olddryhag the Coglin Wanderer began the quest for the Orb.
     0 | D:1      | olddryhag set off with the following items: a +0 flail
                  | {Chang}, a +0 short sword {Akal}, a +0 cloak, a potion of
                  | haste, a +0 leather armour, a +0 dagger {Bianca}.
     0 | D:1      | Reached XP level 1. HP: 13/13 MP: 1/1
   146 | D:1      | Reached XP level 2. HP: 19/20 MP: 2/2
   833 | D:2      | Reached XP level 3. HP: 25/25 MP: 3/3
   919 | D:2      | Found a faded altar of an unknown god.
  1205 | D:2      | Found a runed translucent door.
  1206 | D:2      | Noticed Crazy Yiuf
  1250 | D:3      | Reached skill level 1 in Long Blades
  1253 | D:3      | Reached skill level 1 in Fighting
  1552 | D:3      | Noticed Jessica
  1803 | D:3      | Killed Jessica
  1804 | D:3      | Reached XP level 4. HP: 23/32 MP: 4/4
  1942 | D:3      | Found a shimmering blue altar of Sif Muna.
  2124 | D:4      | Noticed Menkaure
  2223 | D:4      | HP: 1/32 [Menkaure (6)]
  2224 | D:4      | Killed Menkaure
  2225 | D:4      | Reached XP level 5. HP: 2/38 MP: 5/5
  2476 | D:4      | Found a snail-covered altar of Cheibriados.
  2525 | D:4      | Found a runed translucent door.
  2533 | D:4      | Reached XP level 6. HP: 35/44 MP: 6/6
  2690 | D:4      | Found an opulent altar of Gozag.
  2733 | D:4      | Noticed EvilEddieB's ghost (amateur HuCj)
  2966 | D:4      | Noticed Eustachio
  2966 | D:4      | Noticed Robin
  2986 | D:4      | Killed Robin
  3027 | D:4      | Killed Eustachio
  3028 | D:4      | Reached XP level 7. HP: 20/51 MP: 7/7
  3144 | D:4      | Found a staircase to the Ecumenical Temple.
  3430 | D:4      | Identified the +2 pair of boots of the Stallion {Rampage
                  | rF+ Will+}
  3863 | D:5      | Entered Level 5 of the Dungeon
  3863 | D:5      | Noticed Duvessa
  3863 | D:5      | Noticed Dowan
  3938 | D:5      | Noticed Grinder
  3951 | Temple   | Entered the Ecumenical Temple
  3960 | Temple   | Became a worshipper of Uskayaw the Reveller
  4035 | D:5      | Reached * piety under Uskayaw
  4039 | D:5      | Reached ** piety under Uskayaw
  4041 | D:5      | Reached *** piety under Uskayaw
  4097 | D:5      | Found Xautoq's Jewellery Shop.
  4401 | D:5      | Shot with an arrow by a centaur

Illustrated notes

Levels and vault maps discovered:
D:1:      beargit_arrival_diablo_church, layout_basic, fountainhead,
          dk_noncrumbling_3
D:2:      layout_basic, shapermc_ecumenical_altar_starsandcircs,
          uniq_crazy_yiuf_cottage
D:3:      layout_rooms, tgw_sif, uniq_jessica
D:4:      kennysheep_spiral_hall, layout_loops_corners,
          mainiacjoe_overflow_alcove_1, mainiacjoe_overflow_six_doors_small,
          minmay_temple_entry_statues_fountains, ebering_ghost_reflecting_pool,
          grunt_decor_mini_mirrors, uniq_menkaure, uniq_eustachio, uniq_robin
D:5:      layout_cave_pods, lemuel_round_altar, serial_shops, shop,
          uniq_grinder, uniq_duvessa
Temple:   hellmonk_temple_two_chambers

Skill      XL: |  1  2  3  4  5  6  7 |
---------------+----------------------+-----
Maces & Flails | 2 3 |  3.4
Long Blades    | 1 2 3 4 |  4.2
Fighting       | 1 2 3 |  3.0
Dodging        | 4 |  4.7
Armour         | 2 3 |  3.0
Short Blades   | |  1.0
Throwing       | |  1.0
Evocations     | |  1.3

Action                     |  1- 3 |  4- 6 |  7- 9 || total
---------------------------+-------+-------+-------++-------
  Melee: Short sword       |    14 |       |       ||    14
         Flail             |    13 |       |       ||    13
         Long sword        |    68 |   120 |    46 ||   234
         Rapier            |       |       |    27 ||    27
  Throw: Dart              |       |     2 |     3 ||     5
    Use: Scroll            |     1 |       |     3 ||     4
         Potion            |       |     2 |     3 ||     5
   Stab: Sleeping          |     1 |       |       ||     1
 Armour: Leather armour    |    17 |       |       ||    17
         Plate armour      |     8 |       |       ||     8
         Fire dragon scale |     6 |    67 |    36 ||   109
  Dodge: Dodged            |    23 |    47 |    22 ||    92

Table legend: (Time is in decaauts)
 A = Elapsed time spent in this place.
 B = Non-inter-level travel time spent in this place.
 C = Inter-level travel time spent in this place.
 D = Time resting spent in this place.
 E = Time spent auto-exploring this place.
 F = Levels seen in this place.
 G = Mean time per level.
                   A        B        C        D        E       F      G
               +--------+--------+--------+--------+--------+-----+--------+
         Total |   4421 |   4088 |    333 |    887 |   2354 |   6 |  736.8 |
       Dungeon |   4402 |   4085 |    317 |    887 |   2354 |   5 |  880.4 |
        Temple |     18 |      2 |     16 |      0 |      0 |   1 |   18.0 |
               +--------+--------+--------+--------+--------+-----+--------+

Top non-repeatable levels by time:
     D:4: 2007 daAuts
     D:3: 749 daAuts
     D:1: 651 daAuts
     D:2: 607 daAuts
     D:5: 386 daAuts
  Temple: 18 daAuts
